 Dungeon Crawl Stone Soup version 0.31-b1-18-g61460d1e46 (webtiles) character file.

Game seed: 6678800158741229571

60 hawla the Changeling (level 3, -1/27 HPs)
             Began as a Felid Shapeshifter on Jan 16, 2024.
             Slain by a river rat (7 damage)
             ... in a sewer.
             The game lasted 00:05:29 (1654 turns).

hawla the Changeling (Felid Shapeshifter)           Turns: 1654, Time: 00:05:30

Health: -1/27      AC: 21    Str: 12    XL:     3   Next: 82%
Magic:  4/4        EV:  4    Int: 13    God:
Gold:   104        SH:  0    Dex: 15    Spells: 2/2 levels left
                                        Lives:  0   Deaths: 1

rFire   . .          .
                       - Unarmed
rCold   . . .        (shield unavailable)
rNeg    . . .        (body armour unavailable)
rPois   +            (helmet unavailable)
rElec   .            (cloak unavailable)
rCorr   .            (gloves unavailable)
SInv    +            (boots unavailable)
Will    .....        (no amulet)
Stlth   ++           (no ring)
HPRegen 0.24/turn    (no ring)
MPRegen 0.09/turn

%: no passive effects
@: tree-form
A: stationary, stasis, torment immunity, boosted hp, very small, (claws 1),
(fangs 3), see invisible, (shaggy fur 1), (stealthy paws), no weapons or thrown
items, no armour, multi-lived
a: no special abilities


You were in a sewer.
You were a tree.
You visited 1 branch of the dungeon, and saw 3 of its levels.
You also visited: Sewer.

You collected 104 gold pieces.

Inventory:

Talismans
 b - a beast talisman
 c - a flux talisman
Potions
 d - a potion of berserk rage {unknown}
 e - a potion of magic
 f - a potion of brilliance {unknown}
 g - a potion of mutation {unknown}


   Skills:
 + Level 1.1 Fighting
 + Level 2.7 Dodging
 + Level 0.6 Stealth
 + Level 3.5 Unarmed Combat
 * Level 0.1 Spellcasting
 * Level 0.4 Alchemy
 * Level 3.5 Shapeshifting


You had 2 spell levels left.
You didn't know any spells.
Your spell library contained the following spells:

 Spells                   Type           Power      Damage    Failure   Level
 Sting                    Conj/Alch      0%         1d3       28%         1
 Mercury Vapours          Alch/Air       0%         N/A       41%         2
 Olgreb's Toxic Radiance  Alch           1%         N/A       95%         4
 Brom's Barrelling Bould  Conj/Erth      0%         2d3       97%         4
 Fireball                 Conj/Fire      0%         3d3       100%        5
 Iskenderun's Battlesphe  Conj           0%         2d6       100%        5
 Conjure Ball Lightning   Conj/Air       0%         3x3d6     100%        6
 Orb of Destruction       Conj           0%         9d5       100%        7


Dungeon Overview and Level Annotations

Branches:
Dungeon (3/15)              Sewer (1/1)

Altars:


Innate Abilities, Weirdness & Mutations

You are a tree.
Your roots penetrate the ground, keeping you stationary.
You cannot be teleported.
You are immune to unholy pain and torment.
Your maximum health is greatly increased.
((You have sharp claws.))
((You have razor-sharp teeth.))
You have supernaturally acute eyesight. (SInv)
((You are covered in fur. (AC +1)))
((Your paws help you pounce on unaware monsters.))
You are incapable of wielding weapons or throwing items.
You cannot wear armour.
You gain extra lives every three experience levels.


Message History

The ball python barely misses you. The ball python misses you.
The river rat attacks as it pursues you!
The river rat misses you. The ball python closely misses you.
The ball python completely misses you. The river rat bites you.
* * * LOW HITPOINT WARNING * * *
Your transformation has ended.
You turn into a tree.
Your roots penetrate the ground.
The ball python barely misses you. The ball python grabs you.
The ball python constricts you. The river rat bites you.
* * * LOW HITPOINT WARNING * * *
The ball python bites you but does no damage.
You barely miss the ball python.
The ball python bites you but does no damage.
The ball python constricts you.
The ball python bites you but does no damage.
The river rat bites you but does no damage.
You smack the ball python!
You kill the ball python!
The ball python bites you but does no damage.
The ball python grabs you. The ball python constricts you.
The river rat bites you but does no damage.
You smack the ball python!
You kill the ball python!
You smack the endoplasm!
You kill the endoplasm!
The river rat bites you.
* * * LOW HITPOINT WARNING * * *
You closely miss the river rat.
The river rat is lightly wounded.
The river rat bites you but does no damage.
You hit the river rat but do no damage.
The river rat is lightly wounded.
The river rat barely misses you.
You closely miss the river rat.
The river rat is lightly wounded.
The river rat bites you but does no damage.
You smack the river rat!
The river rat is severely wounded.
The river rat bites you!
You die...

############≈.∩.≈#
#.....~~.....~.~≈#
#....~.~~.~~..~.≈#
#.~#########≈.∩.≈#
#..# #≈≈≈≈≈# #.~#
#######
#~~##########
#~†r.~.~~....
#~♣†.~~~.....
###########..


You could see a river rat.

Vanquished Creatures
  6 endoplasms
  8 giant cockroaches
  4 goblins
  4 hobgoblins
  5 jackals (D:1)
  6 quokkas
  3 ball pythons
  5 bats
  5 frilled lizards
  2 kobolds (D:2)
  2 rats (D:1)
50 creatures vanquished.

Notes
Turn   | Place    | Note
-------+----------+-------------------------------------------
     0 | D:1      | hawla the Felid Shapeshifter began the quest for the Orb.
     0 | D:1      | Reached XP level 1. HP: 10/10 MP: 2/2
   114 | D:1      | Reached XP level 2. HP: 14/14 MP: 3/3
   190 | D:1      | Found a faded altar of an unknown god.
   464 | D:1      | Slain by a hobgoblin
   464 | D:1      | Lost a life (0 lives remaining)
   683 | D:1      | Reached XP level 3. HP: 18/18 MP: 4/4
  1518 | D:3      | Found a glowing drain.
  1556 | Sewer    | Entered a sewer
  1654 | Sewer    | Slain by a river rat

Illustrated notes

Levels and vault maps discovered:
D:1:      dpeg_arrival_leaves_temple_mockup, layout_loops_ring,
          hellmonk_ecumenical_altar_crossroads, st_stairs_10,
          kennysheep_flooded_box
D:2:      layout_basic
D:3:      layout_basic, portal_sewer_entry_f
Sewer:    sewer_hellmonk_slimy_pipes

Skill      XL: |  1 |
---------------+----+-----
Shapeshifting  | 3 |  3.5
Fighting       | |  1.1
Dodging        | |  2.7
Stealth        | |  0.6
Unarmed Combat | |  3.5
Spellcasting   | |  0.1
Alchemy        | |  0.4

Action                     || total
---------------------------++-------
  Melee: Unarmed           ||   127
         Bite              ||    11
         Punch             ||     2
    Use: Scroll            ||     2
         Potion            ||     1
   Stab: Sleeping          ||     4
 Armour: Skin              ||    51
  Dodge: Dodged            ||   112
